 Dungeon Crawl Stone Soup version 0.31.0-11-ge490571c62 (webtiles) character file.

Game seed: 14145342970917737323

123 Curundu the Chopper (level 4, -2/41 HPs)
             Began as a Minotaur Berserker on Feb 6, 2024.
             Was a Believer of Trog.
             Slain by a kobold
             ... wielding a +0 vampiric lajatang
              (11 damage)
             ... on level 3 of the Dungeon.
             The game lasted 00:05:01 (1582 turns).

Curundu the Chopper (Minotaur Berserker)            Turns: 1582, Time: 00:05:01

Health: -2/41      AC:  6    Str: 24    XL:     4   Next: 79%
Magic:  3/3        EV: 10    Int:  4    God:    Trog [**....]
Gold:   149        SH:  0    Dex:  9    Spells: 3/3 levels left

rFire   . . .        a - +0 hand axe
rCold   . . .        (no shield)
rNeg    . . .        i - +0 scale mail
rPois   .            (helmet restricted)
rElec   .            (no cloak)
rCorr   .            (no gloves)
SInv    .            (no boots)
Will    .....        (no amulet) Stlth
                     (no ring)
HPRegen 0.26/turn    (no ring)
MPRegen 0.08/turn

%: no passive effects
@: no status effects
A: horns 2, retaliatory headbutt
a: Renounce Religion, Berserk, Trog's Hand


You were on level 3 of the Dungeon.
You worshipped Trog.
Trog was pleased with you.
You visited 1 branch of the dungeon, and saw 3 of its levels.

You collected 149 gold pieces.

Inventory:

Hand Weapons
 a - a +0 hand axe (weapon)
Armour
 i - a +0 scale mail (worn)
Wands
 e - a wand of charming (7)
Scrolls
 c - a scroll of vulnerability {unknown}
 f - 2 scrolls of amnesia
 h - a scroll of noise {unknown}
 j - a scroll of fear {unknown}
Potions
 b - a potion of haste
 d - a potion of heal wounds {unknown}
 g - a potion of degeneration {unknown}
 k - a potion of curing {unknown}


   Skills:
 + Level 4.9 Fighting
 + Level 5.0 Axes
 + Level 3.0 Armour
 * Level 2.6 Dodging
 * Level 0.6 Evocations


You had 3 spell levels left.
You didn't know any spells.
Your spell library was empty.

Dungeon Overview and Level Annotations

Branches:
Dungeon (3/15)

Altars:
Makhleb


Innate Abilities, Weirdness & Mutations

You have a pair of horns on your head.
You reflexively headbutt those who attack you in melee.


Message History

You hit the orc but do no damage.
An orc comes into view. It is wielding a +0 flail.
The orc closely misses you.
You hit the orc. Your headbutt misses the orc.
The orc is moderately wounded.
The orc closely misses you. You furiously retaliate!
You headbutt the orc!
You kill the orc!
Trog accepts your kill.
A giant cockroach comes into view.
The orc hits you but does no damage.
Things that are here:
a +0 flail; a +0 ring mail; an orc corpse You hit the orc but do no damage.
You hit the kobold.
The kobold hits you with a +0 vampiric lajatang.
The orc hits you with a +0 flail!
You closely miss the orc. You headbutt the orc.
The orc is moderately wounded.
You barely miss the kobold. The kobold barely misses you.
The orc hits you with a +0 flail.
You hit the orc but do no damage.
The orc is moderately wounded.
You hit the kobold. The kobold barely misses you. The orc barely misses you.
You hit the orc. You punch the orc, but do no damage.
The orc is almost dead.
You barely miss the kobold. The kobold barely misses you.
The orc hits you but does no damage.
You hit the orc but do no damage.
The orc is almost dead.
You barely miss the kobold.
The kobold hits you with a +0 vampiric lajatang!
The kobold draws strength from your wounds!
The orc barely misses you. You furiously retaliate!
You headbutt the orc!
You kill the orc!
Trog accepts your kill.
You closely miss the giant cockroach. You hit the kobold.
The kobold hits you with a +0 vampiric lajatang.
* * * LOW HITPOINT WARNING * * *
The giant cockroach bites you but does no damage.
The kobold hits you with a +0 vampiric lajatang!
You die...

............)..##.....
.########.##.......###
## #......#.#†###.#####
#......#.#.# .......
#......#.#.# .......
#......#.#)# .......
#......#.#.##.......
#####......#.#..BK......
...........#.#..@#######
####.......#..[.........
...........###..).###.##
.....(###.####..).#
...... #..[.'....#
...... ######....#
...... #....# .....
#....# .... ..####


You could see a giant cockroach and a kobold.

Vanquished Creatures
  2 adders (D:2)
  5 gnolls
  4 dart slugs
  A ribbon worm (D:3)
  5 orcs (D:3)
  2 ball pythons (D:1)
  4 bats
  6 endoplasms
  3 goblins
  A hobgoblin (D:2)
  3 quokkas
  A frilled lizard (D:2)
  4 kobolds
  2 rats
43 creatures vanquished.

Notes
Turn   | Place    | Note
-------+----------+-------------------------------------------
     0 | D:1      | Curundu the Minotaur Berserker began the quest for the Orb.
     0 | D:1      | Reached XP level 1. HP: 19/19 MP: 0/0
   318 | D:1      | Reached XP level 2. HP: 24/27 MP: 1/1
   331 | D:1      | Reached skill level 4 in Axes
   846 | D:2      | Reached XP level 3. HP: 33/33 MP: 2/2
  1085 | D:2      | Found a burning altar of Makhleb.
  1405 | D:3      | Reached XP level 4. HP: 41/41 MP: 3/3
  1455 | D:3      | Reached skill level 5 in Axes
  1466 | D:3      | Reached ** piety under Trog
  1582 | D:3      | Slain by a kobold

Illustrated notes

Levels and vault maps discovered:
D:1:      dpeg_arrival_circle_labyrinth_a, layout_loops_ring, serial_glass,
          glass_columns_b, glass_columns_b, minmay_misc_feat_x
D:2:      layout_rooms, basic_altar, st_stairs_12, dreamdust_wishing_well
D:3:      layout_basic

Skill      XL: |  1  2  3  4 |
---------------+-------------+-----
Axes           | 4 5 |  5.0
Fighting       | 4 |  4.9
Armour         | 3 |  3.0
Dodging        | |  2.6
Evocations     | |  0.6

Action                     |  1- 3 |  4- 6 || total
---------------------------+-------+-------++-------
  Melee: Hand axe          |    66 |    22 ||    88
         Headbutt          |    11 |     5 ||    16
         Punch             |       |     2 ||     2
    Use: Scroll            |     4 |       ||     4
 Armour: Animal skin       |     5 |       ||     5
         Ring mail         |    27 |       ||    27
         Scale mail        |     3 |    22 ||    25
  Dodge: Dodged            |    43 |    22 ||    65
